Schmoo, chaotic male elven Priest -.hI --- -.%@- |.-- |....| |..---....-- |.........<- --------.)... ----.... ..*. ..- - Schmoo the Acolyte Experience level: 4 Strength: 13 Dexterity: 13 Constitution: 13 Intelligence: 9 Wisdom: 19 Charisma: 9 Health: 0(31) Energy: 44(47) Def: 4 Gold: 140 Moves: 1806 Dungeon seed: T9o71hLThEkXmVmM Game ID: Schmoo_1615580046 Your Inventory: Coins $ - 140 gold pieces Weapons a - a blessed corroded +1 mace (weapon in hand) r - a +0 orcish dagger u - a +0 knife Armor e - a +0 robe (being worn) n - a +0 small shield (being worn) y - a +0 orcish helm (being worn) Comestibles c - a clove of garlic d - 2 sprigs of wolfsbane k - a lembas wafer o - a food ration p - a fortune cookie B - a slime mold Scrolls s - a scroll of enchant weapon Potions x - a potion of gain level Wands t - a wand of teleportation (0:4) v - a wand of sleep (0:3) A - a wand of light (0:10) Tools l - a sack C - a towel Gems q - 2 worthless pieces of white glass Contents of the sack: 250 gold pieces a spellbook of extra healing a spellbook of healing 4 potions of holy water a tooled horn Spells and supernatural/magical abilities: Name Level Category Fail Memory h - healing 1 healing 0% 91% x - extra healing 3 healing 70% 91% W - pray for help -- divine ? -- X - turn undead -- divine ? -- Your skills at the end: Fighting Skills Weapon Skills mace [Basic] Spellcasting Skills clerical spells [Basic] Final Attributes: You were piously aligned. You were sleep resistant. You had infravision. You are dead. Vanquished creatures: a kitten an acid blob 2 coyotes a hobbit 2 large kobolds 2 giant rats 2 yellow molds a green mold a gnome a gnome zombie 4 geckos 2 jackals 3 foxes a goblin a sewer rat 4 grid bugs 3 lichens a kobold zombie 2 newts 35 creatures vanquished. Voluntary challenges: You used a wielded weapon 35 times, starting on turn 141. You read items or engraved 2 times, starting on turn 1004. You never genocided any monsters. You never polymorphed an object. You never changed form. You used no wishes. You never split a pudding. You never wrote Elbereth's name. You never violated your personal moral code. Dungeon overview: The Dungeons of Doom: levels 1 to 5 Level 1 an altar to Mars a long staircase Level 2 Level 3 a fountain Level 4 a fountain stairs to The Gnomish Mines Level 5 The Gnomish Mines: Level 5 <- You were here stairs to The Dungeons of Doom History has recorded: On T:1 you entered the Dungeons of Doom to retrieve the Amulet of Yendor! On T:499 you reached level 2 of The Dungeons of Doom. On T:543 you advanced to experience level 2. On T:964 you reached level 3 of The Dungeons of Doom. On T:1171 you advanced to experience level 3. On T:1294 you reached level 5 of The Dungeons of Doom. On T:1337 you reached level 4 of The Dungeons of Doom. On T:1774 you reached level 1 of The Gnomish Mines. On T:1801 you advanced to experience level 4. Score breakdown: Gold: 390 ( 8817 points) Experience: 4 levels ( 9649 points) Exploration: 5 levels ( 11.11%) ( 9045 points) Discoveries: 3 items ( 1.05%) ( 3072 points) Valuables value: (no points given unless you survive) Artifact value: 0 ( 0 points) Variety of kills: 19 monsters ( 4.99%) ( 6699 points) Turncount: 1806 turns ( 0 points) Survival: died (score multiplied by 80%) Total score: 29825 Latest messages: The gnome swings her bow. The gnome misses. You hit the gnome. You kill the gnome! Welcome to experience level 4. You feel awake! There are a few objects here. The dwarf wields a broad pick! The gnome drinks a white potion! Suddenly you cannot see the gnome. You feel better. You miss the dwarf. The dwarf swings his broad pick. The dwarf hits! You miss the dwarf. Qwerty bites the dwarf. The dwarf swings his broad pick at Qwerty. The dwarf hits Qwerty. Qwerty is killed! You hit the dwarf. The dwarf swings his broad pick. The dwarf hits! It hits! You die... Final status: Goodbye Schmoo the Priest, killed by an invisible gnome... You died in The Gnomish Mines on dungeon level 5 with 29825 points, and 390 pieces of gold, after 1806 moves. You were level 4 with a maximum of 31 hit points when you died.